 Dungeon Crawl Stone Soup version 0.23.2-30-g0e89c35649 (webtiles) character file.

Game seed: 10630556922058942860

958 sankara the Magician (level 7, -2/39 HPs)
             Began as a Deep Elf Fire Elementalist on June 18, 2019.
             Shot with an arrow by a centaur (17 damage)
             ... on level 5 of the Dungeon.
             The game lasted 00:26:56 (4681 turns).

sankara the Magician (Deep Elf Fire Elementalist)   Turns: 4681, Time: 00:26:57

Health: -2/39      AC:  3    Str:  5    XL:     7   Next: 91%
Magic:  17/19      EV: 13    Int: 22    God:
Gold:   201        SH:  0    Dex: 15    Spells: 6/19 levels left

rFire    . . .     SeeInvis .   a - +1 dagger (pain)
rCold    . . .     Gourm    .   (no shield)
rNeg     . . .     Faith    .   w - +0 robe
rPois    .         Spirit   .   (no helmet)
rElec    .         Reflect  .   (no cloak)
rCorr    .         Harm     .   (no gloves)
MR       .....                  u - +0 pair of boots
Stlth    +++.......             (no amulet)
HPRegen  0.13/turn              (no ring)
MPRegen  0.16/turn              (no ring)

@: no status effects
A: no striking features
a: no special abilities


You were on level 5 of the Dungeon.
You were hungry.

You visited 1 branch of the dungeon, and saw 5 of its levels.
You also visited: Sewer.

You collected 201 gold pieces.

Inventory:

Hand Weapons
 a - a +1 dagger of pain (weapon)
   (You took it off an orc wizard on level 3 of the Dungeon)
 i - a +0 short sword of flaming
   (You took it off a kobold on level 1 of the Dungeon)
 k - a +0 hand axe of freezing
   (You found it on level 1 of the Dungeon)
 y - a +1 spear of venom
   (You took it off a gnoll on level 4 of the Dungeon)
Missiles
 e - 241 stones (quivered)
Armour
 u - a +0 pair of boots (worn)
   (You found it on level 4 of the Dungeon)
 w - a +0 robe (worn)
Wands
 o - a wand of disintegration (9)
   (You found it on level 2 of the Dungeon)
Scrolls
 b - 4 scrolls of blinking {!r}
 f - a scroll of enchant weapon {unknown}
 j - 6 scrolls of identify
 l - a scroll of teleportation {unknown}
 m - a scroll of remove curse
 p - 2 scrolls of magic mapping {!r}
 q - a scroll of random uselessness {unknown}
 s - 3 scrolls of fear
 t - a scroll of fog {unknown}
 v - a scroll of enchant armour {unknown}
Potions
 d - a potion of experience {unknown}
 g - 2 potions of flight
 h - a potion of magic {unknown}
 n - 2 potions of curing
 r - 2 potions of haste {unknown}
Comestibles
 c - 9 rations


   Skills:
 + Level 1.9 Fighting
 - Level 2.4 Dodging
 - Level 5.0 Stealth
 + Level 6.6 Spellcasting
 + Level 5.0 Conjurations
 + Level 6.0 Fire Magic


You had 6 spell levels left.
You knew the following spells:

 Your Spells              Type           Power        Failure   Level  Hunger
a - Flame Tongue          Conj/Fire      ####.        1%          1    None
b - Conjure Flame         Conj/Fire      ####....     2%          3    #......
c - Sticky Flame          Conj/Fire      ####....     9%          4    ###....
d - Fireball              Conj/Fire      ####......   24%         5    #####..

Your spell library contained the following spells:

 Spells                   Type           Power        Failure   Level  Hunger
 Throw Flame              Conj/Fire      ####..       1%          2    None
 Inner Flame              Hex/Fire       ###.....     8%          3    #......


Dungeon Overview and Level Annotations

Branches:
Dungeon (5/15)
 Temple: D:4-7

Altars:


Message History

Confirm with . or Enter, or press ? or * to list all spells.
Aiming: Flame Tongue (safe; 1% risk of failure)
Press: ? - help, Shift-Dir - straight line The flame tongue hits something.
Something hits you but does no damage.
You miss something.
A sky beast appears from thin air!
Reactivating autopickup.
The sky beast hits you but does no damage.
Casting: Flame Tongue (safe; 1% risk of failure)
Confirm with . or Enter, or press ? or * to list all spells.
Aiming: Sticky Flame (safe; 10% risk of failure)
Press: ? - help, Shift-Dir - straight line, f - sky beast
Aim: a sky beast (rain, severely wounded)
You miscast Sticky Flame.
You are very lightly contaminated with residual magic.
You hear a sizzling sound.
The sky beast hits you. The sky beast shocks you.
Casting: Sticky Flame (safe; 10% risk of failure)
Confirm with . or Enter, or press ? or * to list all spells.
Aiming: Sticky Flame (safe; 10% risk of failure)
Press: ? - help, Shift-Dir - straight line, f/p - sky beast
Aim: a sky beast (severely wounded)
The sticky flame hits the sky beast.
The sky beast is almost dead.
The sky beast is covered in liquid flames!
The sky beast burns!
The sky beast hits you. The sky beast shocks you.
All of the chunks of flesh in your inventory have rotted away.
Casting: Sticky Flame (safe; 10% risk of failure)
Confirm with . or Enter, or press ? or * to list all spells.
Aiming: Flame Tongue (safe; 1% risk of failure)
Press: ? - help, Shift-Dir - straight line, f/p - sky beast
Aim: a sky beast (almost dead, covered in liquid flames)
The flame tongue hits the sky beast.
You kill the sky beast!
Training target 5.0 for Stealth reached!
Your Stealth skill increases to level 5!
You see here a sky beast corpse.
The sky beast corpse isn't edible.
You start resting.
Your magical contamination has completely faded away.
You start resting.
Magic restored.
A quokka comes into view.
Casting: Flame Tongue (safe; 1% risk of failure)
Confirm with . or Enter, or press ? or * to list all spells.
You can't see any susceptible monsters within range! (Use Z to cast anyway.) Unknown command.
You see here a sky beast corpse.
Casting: Flame Tongue (safe; 1% risk of failure)
Confirm with . or Enter, or press ? or * to list all spells.
Aiming: Flame Tongue (safe; 1% risk of failure)
Press: ? - help, Shift-Dir - straight line, f - quokka
Aim: a quokka The flame tongue hits the quokka!
You kill the quokka!
You are feeling hungry.
Okay, then.
You start resting.
Magic restored.
A bullfrog comes into view.
An iguana comes into view.
Casting: Flame Tongue (safe; 1% risk of failure)
Confirm with . or Enter, or press ? or * to list all spells.
You can't see any susceptible monsters within range! (Use Z to cast anyway.)
You see here a sky beast corpse.
The bullfrog croaks.
You hear an angry hiss.
Casting: Flame Tongue (safe; 1% risk of failure)
Confirm with . or Enter, or press ? or * to list all spells.
Aiming: Flame Tongue (safe; 1% risk of failure)
Press: ? - help, Shift-Dir - straight line, f - bullfrog
Aim: a bullfrog The flame tongue hits the bullfrog!
The bullfrog is heavily wounded.
A centaur comes into view.
Casting: Flame Tongue (safe; 1% risk of failure)
Confirm with . or Enter, or press ? or * to list all spells.
Aiming: Flame Tongue (safe; 1% risk of failure)
Press: ? - help, Shift-Dir - straight line, f/p - bullfrog
Aim: a bullfrog (heavily wounded)
The flame tongue hits the bullfrog!
The bullfrog is almost dead.
The centaur shouts!
The bullfrog hits you.
Casting: Flame Tongue (safe; 1% risk of failure)
Confirm with . or Enter, or press ? or * to list all spells.
Aiming: Flame Tongue (safe; 1% risk of failure)
Press: ? - help, Shift-Dir - straight line, f/p - bullfrog
Aim: a bullfrog (almost dead)
The flame tongue hits the bullfrog.
You kill the bullfrog!
Your Conjurations skill increases to level 5!
Your Fire Magic skill increases to level 6!
The iguana hisses angrily.
The centaur wields a +0 shortbow.
The centaur shoots an arrow.
The arrow hits you!
The centaur shoots an arrow.
The arrow hits you!
You see here a sky beast corpse.
The centaur shoots an arrow.
The arrow closely misses you.
You see here an arrow.
The centaur shoots an arrow.
The arrow hits you!
You die...

#### ###..# ##....##
########..##..##
.......<.####..#
.######### ##.#
##### #@# #...#
#.### #...# #...#
#...# ###.# ##...#
######## #c###....#
##......###.##.....#
#........##.#..#####
..........#c..##
.........(†...#


You could see a centaur.

Vanquished Creatures
  Purgy (Sewer)
  A sky beast (D:5)
  2 phantoms
  A bullfrog (D:5)
  2 scorpions
  3 orc priests
  A jelly (D:3)
  4 orc wizards
  A hound skeleton (D:4)
  3 gnolls (D:4)
  4 adders
  An ooze (D:2)
  2 adder skeletons (D:4)
  2 worms (D:3)
  A dart slug (D:1)
  2 leopard geckos
  11 orcs
  3 ball pythons
  5 giant cockroaches
  9 goblins
  10 hobgoblins
  8 jackals (D:4)
  10 kobolds
  A quokka (D:5)
  3 bats
  13 frilled lizards
  A leopard gecko skeleton (D:4)
  11 rats
116 creatures vanquished.

Notes
Turn   | Place    | Note
-------+----------+-------------------------------------------
     0 | D:1      | sankara the Deep Elf Fire Elementalist began the quest for
                  | the Orb.
     0 | D:1      | Reached XP level 1. HP: 10/10 MP: 6/6
   188 | D:1      | Reached XP level 2. HP: 15/15 MP: 5/8
   576 | D:1      | Reached skill level 2 in Conjurations
  1000 | D:2      | Reached XP level 3. HP: 18/19 MP: 6/10
  1013 | D:2      | Learned a level 3 spell: Conjure Flame
  1031 | D:2      | Noticed a phantom
  1043 | D:2      | HP: 4/19 [phantom (4)]
  1108 | D:2      | Killed a phantom
  1108 | D:2      | Reached skill level 4 in Spellcasting
  1108 | D:2      | Reached skill level 3 in Conjurations
  1108 | D:2      | Reached skill level 4 in Fire Magic
  1108 | D:2      | Reached XP level 4. HP: 9/24 MP: 0/12
  1115 | D:2      | Learned a level 4 spell: Sticky Flame
  1802 | D:2      | Reached XP level 5. HP: 28/28 MP: 10/14
  2105 | D:3      | Found a glowing drain.
  2135 | Sewer    | Entered a sewer
  2147 | Sewer    | Learned a level 5 spell: Fireball
  2208 | Sewer    | Noticed Purgy
  2213 | Sewer    | Killed Purgy
  2213 | Sewer    | Reached skill level 3 in Stealth
  2213 | Sewer    | Reached skill level 5 in Spellcasting
  2216 | Sewer    | Reached XP level 6. HP: 32/32 MP: 10/15
  2370 | D:3      | Reached skill level 5 in Fire Magic
  2461 | D:3      | Reached skill level 4 in Conjurations
  3166 | D:4      | Reached skill level 4 in Stealth
  3312 | D:4      | Reached XP level 7. HP: 32/37 MP: 7/17
  3312 | D:4      | Reached skill level 6 in Spellcasting
  3314 | D:4      | Reached skill level 1 in Fighting
  3554 | D:4      | HP: 6/38 [miscasting Fireball (32)]
  4523 | D:5      | Entered Level 5 of the Dungeon
  4558 | D:5      | Reached skill level 5 in Stealth
  4671 | D:5      | Reached skill level 5 in Conjurations
  4671 | D:5      | Reached skill level 6 in Fire Magic
  4681 | D:5      | Shot with an arrow by a centaur

Skill      XL: |  1  2  3  4  5  6  7 |
---------------+----------------------+-----
Conjurations   | 2 3 4 5 |  5.0
Spellcasting   | 4 5 6 |  6.6
Fire Magic     | 4 5 6 |  6.0
Stealth        | 3 4 5 |  5.0
Fighting       | 1 |  1.9
Dodging        | |  2.4

Action                   |  1- 3 |  4- 6 |  7- 9 || total
-------------------------+-------+-------+-------++-------
Melee: Dagger            |       |       |     1 ||     1
Throw: Stone             |     3 |     3 |       ||     6
 Cast: Flame Tongue      |    48 |   127 |    62 ||   237
       Conjure Flame     |     1 |     3 |     4 ||     8
       Sticky Flame      |       |     1 |     2 ||     3
       Fireball          |       |       |     1 ||     1
  Use: Potion            |       |     1 |       ||     1
       Scroll            |       |       |     5 ||     5
  Eat: Chunk             |       |     7 |     5 ||    12
Armor: Robe              |       |     2 |     5 ||     7
Dodge: Dodged            |     9 |    13 |     5 ||    27

Levels and vault maps discovered:
D:1:      psy_arrival_fountain, layout_basic
D:2:      layout_loops_ring
D:3:      layout_rooms, cheibrodos_sewer_entry_drain
D:4:      layout_loops_ring
D:5:      lemuel_ice_spiral_2, layout_rooms, minmay_temple_entry_large_hall,
          first_ration, roderic_roman_lattice
Sewer:    sewer_co_purgy_island

Table legend:
 A = Turns spent in this place as a percentage of turns spent in the entire game.
 B = Non-inter-level travel turns spent in this place as a percentage of non-inter-level travel turns spent in the entire game.
 C = Inter-level travel turns spent in this place as a percentage of turns spent in this place.
 D = Turns resting spent in this place as a percentage of non-inter-level travel turns spent in this place.
 E = Turns spent auto-exploring this place as a percentage of non-inter-level travel turns spent in this place.
 F = Non-inter-level travel turns spent in this place divided by the number of levels of this place that you've seen.
                   A       B       C       D       E      F
               +-------+-------+-------+-------+-------+----------------------
         Total | 100.0 | 100.0 |   1.8 |  33.1 |  45.8 | 766.5
       Dungeon |  95.7 |  95.7 |   1.8 |  34.5 |  45.9 | 880.0
         Sewer |   4.3 |   4.3 |   0.0 |   0.0 |  43.7 | 199.0
               +-------+-------+-------+-------+-------+----------------------

Table legend:
 A = Kills in this place as a percentage of kills in entire the game.
 B = Kills by you in this place as a percentage of kills by you in the entire game.
 C = Kills by friends in this place as a percentage of kills by friends in the entire game.
 D = Other kills in this place as a percentage of other kills in the entire game.
 E = Experience gained in this place as a percentage of experience gained in the entire game.
 F = Experience gained in this place divided by the number of levels of this place that you have seen.
                   A       B       C       D       E      F
               +-------+-------+-------+-------+-------+----------------------
         Total | 100.0 | 100.0 |   N/A |   N/A | 100.0 | 228.2
       Dungeon |  94.0 |  94.0 |   N/A |   N/A |  88.2 | 241.6
         Sewer |   6.0 |   6.0 |   N/A |   N/A |  11.8 | 161.0
               +-------+-------+-------+-------+-------+----------------------
